 Dungeon Crawl Stone Soup version 0.29-a0-577-gafbf2c5d25 (webtiles) character file.

Game seed: 13865822201456186555

28 DocClef the Sneak (level 2, -6/26 HPs)
             Began as a Draconian Delver on June 13, 2022.
             Mangled by a bullfrog (8 damage)
             ... on level 4 of the Dungeon.
             The game lasted 00:00:42 (117 turns).

DocClef the Sneak (Draconian Delver)                 Turns: 117, Time: 00:00:42

Health: -6/26      AC:  4    Str: 14    XL:     2   Next: 96%
Magic:  2/2        EV: 12    Int: 10    God:
Gold:   0          SH:  0    Dex: 12    Spells: 1/1 levels left

rFire   . . .      SeeInvis .   a - +0 short sword
rCold   . . .      Faith    .   (no shield)
rNeg    . . .      Spirit   .   (body armour unavailable)
rPois   .          Reflect  .   (helmet restricted)
rElec   .          Harm     .   (no cloak)
rCorr   .          Rampage  .   (no gloves)
Will    .....                   (no boots)
Stlth   +++.......              (no amulet)
HPRegen 0.08/turn               (no ring)
MPRegen 0.08/turn               (no ring)

@: no status effects
A: AC +4, unfitting armour, cold-blooded
a: no special abilities


You were on level 4 of the Dungeon.
You visited 1 branch of the dungeon, and saw 2 of its levels.

Inventory:

Hand Weapons
 a - a +0 short sword (weapon)
Wands
 f - a wand of digging (3)
Scrolls
 b - a scroll of fog
 d - a scroll of fear
 h - a scroll of torment
Potions
 e - a potion of haste


   Skills:
 + Level 3.5 Fighting
 + Level 2.1 Short Blades
 + Level 1.8 Dodging
 + Level 5.1 Stealth


You had one spell level left.
You didn't know any spells.
Your spell library was empty.

Dungeon Overview and Level Annotations

Branches:
Dungeon (5/15)
 Temple: D:4-7

Altars:

Shops:
D:5 =


Innate Abilities, Weirdness & Mutations

Your plain brown scales are hard. (AC +4)
You cannot fit into any form of body armour.
You are cold-blooded and may be slowed by cold attacks.


Message History

You feel aware of your surroundings.
You sensed 1 altar, and 2 shops/portals.
You open the door.
There is an open door here.
You open the door.
Found 5 poisoned darts.
There is an open door here.
You see here 5 poisoned darts.
Found a falchion.
Found Hapeak's Jewellery Shop.
Found a stone staircase leading down and a stone staircase leading up.
There is an entrance to Hapeak's Jewellery Shop here.
You can access your shopping list by pressing '$'.
Found a scroll of magic mapping.
Found 20 stones.
Found a stone staircase leading down.
You hear the slow rusting of a distant drain.
Found a war axe.
Found a stone staircase leading up.
A white imp comes into view.
Found a coppery potion.
The white imp shouts!
A bullfrog comes into view.
An iguana comes into view.
Found a cloak.
Found a stone staircase leading up.
A scorpion comes into view.
The white imp sputters.
The bullfrog barely misses you. The bullfrog attacks as you move away!
The bullfrog barely misses you. The bullfrog hits you.
* * * LOW HITPOINT WARNING * * *
There is a stone staircase leading up here.
You can't go down here!
The bullfrog closely misses you.
You climb upwards.
There is a stone staircase leading down here.
You barely miss the bullfrog.
You tail-slap the bullfrog, but do no damage.
The bullfrog hits you.
* * * LOW HITPOINT WARNING * * *
The bullfrog hits you!
You die...

## .##
####..#####
#..@......#
#.....#.F......
##..# ##...###.
#. #.... ......
..##.. .# # ..


You could see a bullfrog.

Vanquished Creatures
  A hound (D:5)
1 creature vanquished.

Notes
Turn   | Place    | Note
-------+----------+-------------------------------------------
     0 | D:5      | DocClef the Draconian Delver began the quest for the Orb.
     0 | D:5      | Reached XP level 1. HP: 19/19 MP: 1/1
    33 | D:5      | Noticed a hound
    57 | D:5      | Killed a hound
    58 | D:5      | Reached skill level 5 in Stealth
    58 | D:5      | Reached XP level 2. HP: 4/26 MP: 2/2
    85 | D:5      | Found Hapeak's Jewellery Shop.
   104 | D:5      | Noticed a bullfrog
   105 | D:5      | Noticed a scorpion
   117 | D:4      | Mangled by a bullfrog

Illustrated notes

Levels and vault maps discovered:
D:4:      layout_layer_cave, dreamdust_divine_triumvirate, okawaru_trees_1,
          dancing_weapons_uskayaw, nemelex_diamond_rough_becter, slow_altar_2,
          lemuel_round_altar, uniq_grinder
D:5:      layout_loops_ring, lemuel_mausoleum_altar_yredelemnul,
          gup_sewer_entry_pipe, gammafunk_ghost_smash, serial_shops,
          nicolae_stop_n_shop_2, grunt_decor_clamped, minmay_holes,
          dk_vineyard_3, grunt_ministairs_2, grunt_decor_fettered, minmay_puff

Skill      XL: |  1 |
---------------+----+-----
Stealth        | 5 |  5.1
Fighting       | |  3.5
Short Blades   | |  2.1
Dodging        | |  1.8

Action                   || total
-------------------------++-------
Melee: Short sword       ||    19
       Tailslap          ||     4
  Use: Scroll            ||     2
Armor: Skin              ||     6
Dodge: Dodged            ||    17

Table legend: (Time is in decaauts)
 A = Elapsed time spent in this place.
 B = Non-inter-level travel time spent in this place.
 C = Inter-level travel time spent in this place.
 D = Time resting spent in this place.
 E = Time spent auto-exploring this place.
 F = Levels seen in this place.
 G = Mean time per level.
                   A        B        C        D        E       F      G
               +--------+--------+--------+--------+--------+-----+--------+
         Total |    116 |    116 |      0 |      0 |     25 |   2 |   58.0 |
       Dungeon |    116 |    116 |      0 |      0 |     25 |   2 |   58.0 |
               +--------+--------+--------+--------+--------+-----+--------+

Top non-repeatable levels by time:
     D:5: 116 daAuts
     D:4: 0 daAuts
